 Dungeon Crawl Stone Soup version 0.23.0-3-gf3c87f2 (webtiles) character file.

Game seed: 1708663477764122389

16956 wolfsongas the Fighter (level 12, 0/87 HPs)
             Began as a Gnoll Wanderer on Feb 20, 2019.
             Was a High Priest of Hepliaklqana.
             Slain by a six-headed hydra (13 damage)
             ... on level 12 of the Dungeon.
             The game lasted 00:28:06 (10825 turns).

wolfsongas the Fighter (Gnoll Wanderer)            Turns: 10825, Time: 00:28:06

Health: 0/87       AC:  9    Str: 20    XL:     12   Next: 42%
Magic:  0/24       EV: 17    Int: 16    God:    Hepliaklqana [*****.]
Gold:   903        SH:  0    Dex: 15    Spells: 21/28 levels left

rFire    . . .     SeeInvis .   p - +9 flail of Wopriwu {venom, rElec Stlth+}
rCold    . . .     Gourm    .   (no shield)
rNeg     . . .     Faith    +   u - +0 leather armour "Boci" {rElec Regen+ Slay+5}
rPois    .         Spirit   +   r - +2 hat
rElec    +         Reflect  .   m - scarf {Spirit}
rCorr    .         Harm     .   w - +2 pair of gloves
MR       ++...     Rnd*Rage +   (no boots)
Stlth    ++++......             v - amulet of faith
HPRegen  0.64/turn              F - ring of protection from magic
MPRegen  0.19/turn              i - ring of protection from magic

@: berserk cooldown, slowed, very slow
A: distributed training, reduced essence, fangs 1, talons 1, berserk 1, clever
1, strong nose
a: Recall Ancestor, Ancestor Identity, Transference, Idealise, Renounce Religion


You were on level 12 of the Dungeon.
You worshipped Hepliaklqana.
Hepliaklqana was extremely pleased with you.
You were not hungry.

You visited 1 branch of the dungeon, and saw 12 of its levels.
You also visited: Sewer and Ossuary.

You collected 903 gold pieces.

Inventory:

Hand Weapons
 p - the +9 flail of Wopriwu (weapon) {venom, rElec Stlth+}
   (You found it on level 6 of the Dungeon)

   It poisons the flesh of those it strikes.
   It insulates you from electricity.
   It makes you more stealthy.
 J - a +4 war axe of chopping
 L - a +2 glaive
Armour
 m - a scarf of spirit shield (worn)
 r - a +2 hat (worn)
 u - the +0 leather armour "Boci" (worn) {rElec Regen+ Slay+5}
   (You found it on level 7 of the Dungeon)

   It affects your accuracy and damage with ranged weapons and melee attacks
   (+5).
   It insulates you from electricity.
   It increases your rate of regeneration.
 w - a +2 pair of gloves (worn)
Jewellery
 i - a ring of protection from magic (right hand)
 l - a +3 ring of strength
 n - an uncursed ring of fire
 v - an amulet of faith (around neck)
 F - a ring of protection from magic (left hand)
Wands
 c - a wand of iceblast (11)
 s - a wand of clouds (6)
 t - a wand of flame (23)
 K - a wand of acid (11)
Scrolls
 a - a scroll of fog
 j - 5 scrolls of remove curse
 q - 2 scrolls of enchant weapon
 x - a scroll of blinking
 B - 4 scrolls of teleportation
 C - 2 scrolls of magic mapping
 I - a scroll of brand weapon
 N - a scroll of enchant armour
Potions
 b - 2 potions of lignification
 d - 2 potions of brilliance
 e - 2 potions of magic
 g - 4 potions of haste
 h - a potion of resistance
 k - a potion of invisibility
 o - a potion of mutation
 z - 2 potions of curing
 A - 2 potions of ambrosia
 D - 7 potions of heal wounds
 M - 2 potions of agility
Comestibles
 f - 3 rations


   Skills:
 + Level 9.7 Fighting
 + Level 7.1 Short Blades
 + Level 7.1 Long Blades
 + Level 7.1 Axes
 + Level 7.1 Maces & Flails
 + Level 7.6 Polearms
 + Level 7.1 Staves
 + Level 7.1 Slings
 + Level 7.1 Bows
 + Level 7.1 Crossbows
 + Level 7.1 Throwing
 + Level 7.1 Armour
 + Level 7.6 Dodging
 + Level 7.1 Stealth
 + Level 8.6 Shields
 + Level 7.1 Unarmed Combat
 + Level 8.8 Spellcasting
 + Level 5.9 Conjurations
 + Level 5.9 Hexes
 + Level 5.9 Charms
 + Level 5.9 Summonings
 + Level 5.9 Necromancy
 + Level 5.9 Translocations
 + Level 5.9 Transmutations
 + Level 5.9 Fire Magic
 + Level 5.9 Ice Magic
 + Level 5.9 Air Magic
 + Level 6.3 Earth Magic
 + Level 5.9 Poison Magic
 + Level 7.8 Invocations
 + Level 7.1 Evocations


You had 21 spell levels left.
You knew the following spells:

 Your Spells              Type           Power        Failure   Level  Hunger
a - Summon Lightning Spi  Summ/Air       ####....     10%         4    ###....
b - Mephitic Cloud        Conj/Pois/Air  ####....     3%          3    #......

Your spell library contained the following spells:

 Spells                   Type           Power        Failure   Level  Hunger
 Magic Dart               Conj           ####         1%          1    None
 Shock                    Conj/Air       ####         1%          1    None
 Blink                    Tloc           N/A          1%          2    None
 Call Imp                 Summ           ####....     1%          2    None
 Corpse Rot               Necr           N/A          1%          2    None
 Slow                     Hex            ####....     1%          2    None
 Sublimation of Blood     Necr           ####......   1%          2    None
 Swiftness                Chrm/Air       ####....     1%          2    None
 Conjure Flame            Conj/Fire      ####....     3%          3    #......
 Static Discharge         Conj/Air       ####....     3%          3    #......
 Airstrike                Air            ####......   10%         4    ###....
 Bolt of Magma            Conj/Fire/Erth ####......   26%         5    #####..
 Agony                    Necr           ####....     28%         5    #####..
 Bolt of Draining         Conj/Necr      ####......   28%         5    #####..
 Dispel Undead            Necr           ####....     28%         5    #####..
 Excruciating Wounds      Chrm/Necr      ####......   28%         5    #####..
 Iskenderun's Battlesphe  Conj/Chrm      ####....     28%         5    #####..
 Lightning Bolt           Conj/Air       ####......   28%         5    #####..
 Silence                  Hex/Air        ####......   28%         5    #####..
 Venom Bolt               Conj/Pois      ####......   28%         5    #####..
 Iron Shot                Conj/Erth      ####......   82%         6    ######.
 Conjure Ball Lightning   Conj/Air       ####......   83%         6    ######.
 Deflect Missiles         Chrm/Air       ####......   83%         6    ######.
 Orb of Destruction       Conj           ####......   100%        7    #######
 Spellforged Servitor     Conj/Summ      ####......   100%        7    #######
 Tornado                  Air            ####......   100%        9    #######


Dungeon Overview and Level Annotations

Branches:
Dungeon (12/15)            Temple (0/1) D:7            Lair (0/6) D:9
    Orc (0/2) D:10

Altars:
Fedhas
Gozag
Hepliaklqana
Kikubaaqudgha
Makhleb
Nemelex Xobeh
Okawaru
Ru
Trog
Uskayaw
Wu Jian
Yredelemnul
Zin


Innate Abilities, Weirdness & Mutations

Your experience applies equally to all skills.
You have very sharp teeth.
Your uncanny sense of smell can sniff out nearby items.
Your life essence is reduced to manifest your ancestor. (-10% HP)
You have sharp toenails.
You tend to lose your temper in combat.
Your mind is acute. (Int +2)


Message History

The six-headed hydra bites Titus!
Titus is destroyed!
A killer bee comes into view.
As you read the scroll labeled MAF ZUPNYDIDIOXOEXT, it crumbles to dust.
It is a scroll of amnesia.
Okay, then.
The six-headed hydra bites you but does no damage.
The six-headed hydra misses you.
The six-headed hydra closely misses you.
The six-headed hydra barely misses you.
The six-headed hydra bites you but does no damage.
The six-headed hydra bites you!
* * * LOW HITPOINT WARNING * * *
The six-headed hydra bites you.
* * * LOW HITPOINT WARNING * * *
The six-headed hydra bites you.
* * * LOW HITPOINT WARNING * * *
The six-headed hydra closely misses you. x2
The six-headed hydra bites you!
You die...

#
#.......'....#
#
#......##....#
#
.....#####....#
#
#####.....#+###
# #.###)# ..#
#.#.))#
..≈≈≈#.#.###.#
...≈≈§..(....#
...5≈≈##@###.#
....≈ #D# ♣...
#y# ... #y# ..
#.# . #.# #.#
..# ...


You could see a six-headed hydra and 2 killer bees.

Vanquished Creatures
  Gastronok (D:8)
  A death knight (D:11)
  2 two-headed ogres
  2 ugly things (D:11)
  Joseph (D:9)
  A gargoyle (D:12)
  A hellwing (D:12)
  A troll (D:11)
  Grinder (D:5)
  Prince Ribbit (D:8)
  Sigmund (D:3)
  2 wraiths (D:11)
  2 yaks (D:11)
  A steam dragon (D:12)
  An acid dragon (D:11)
  An ice beast (D:5)
  2 orc warriors
  4 sky beasts
  3 black bears
  2 eyes of draining
  A necrophage (D:3)
  2 ogres
  A phantom (D:5)
  6 centaurs
  A big kobold (D:11)
  2 elf zombies (Ossuary)
  5 bullfrogs
  2 scorpions
  13 killer bees
  5 wights (D:11)
  3 howler monkeys
  2 crimson imps
  A bullfrog zombie (D:5)
  4 jellies
  4 hounds
  5 orc wizards
  2 centaur skeletons
  An orc priest (D:3)
  A bullfrog skeleton (D:9)
  A gnoll shaman (D:8)
  Jessica (D:3)
  5 iguanas
  5 worker ants
  Natasha (twice) (D:2)
  A killer bee zombie (D:9)
  A big kobold zombie (Ossuary)
  A hound skeleton (D:10)
  3 mummies (Ossuary)
  A worker ant zombie (D:5)
  Robin (D:2)
  7 gnolls
  10 adders
  3 shadow imps
  2 oozes (D:3)
  3 worms
  A dart slug (D:3)
  6 leopard geckos
  24 orcs
  9 giant cockroaches
  18 goblins
  11 hobgoblins
  15 jackals
  6 quokkas
  3 ball pythons
  5 bats
  11 frilled lizards
  A jackal skeleton (D:5)
  A jackal zombie (Ossuary)
  15 kobolds
  A leopard gecko skeleton (D:4)
  An orc zombie (Ossuary)
  3 rats
  A rat zombie (Ossuary)
271 creatures vanquished.

Vanquished Creatures (collateral kills)
  Harold (D:8)
  An unseen horror (D:11)
  2 skeletal warriors (D:11)
  A cyclops (D:11)
  A troll (D:10)
  A hippogriff (D:11)
  A yak (D:11)
  A wraith (D:12)
  A hungry ghost (D:12)
  A black bear (D:6)
  Purgy (Sewer)
  A sky beast (D:12)
  3 ice beasts
  2 eyes of draining
  A centaur (D:7)
  An ogre (D:5)
  3 big kobolds
  2 scorpions
  A killer bee (D:7)
  3 wights (D:11)
  A centaur zombie (D:6)
  3 crimson imps
  A hound (D:7)
  4 jellies
  2 orc priests
  A bullfrog skeleton (D:4)
  Natasha (D:2)
  3 worker ants
  A big kobold zombie (Ossuary)
  3 hound zombies (Ossuary)
  A mummy (Ossuary)
  2 gnolls (D:7)
  An adder skeleton (D:4)
  A worm (D:5)
  2 dart slugs (D:3)
  11 orcs
  2 ball pythons (Sewer)
  A giant cockroach (D:6)
  A jackal (D:6)
  5 kobolds
  A quokka (D:3)
  3 frilled lizards (Sewer)
  2 gnoll zombies (Ossuary)
82 creatures vanquished.

Vanquished Creatures (others)
  7 battlemagi
  A kobold (D:7)
8 creatures vanquished.

Grand Total: 361 creatures vanquished

Notes
Turn   | Place    | Note
-------+----------+-------------------------------------------
     0 | D:1      | wolfsongas the Gnoll Wanderer began the quest for the Orb.
     0 | D:1      | wolfsongas set off with the following items: a +2 spear, a
                  | potion of lignification, a potion of curing, a +0 robe, a
                  | ration
     0 | D:1      | Reached XP level 1. HP: 23/23 MP: 6/6
    84 | D:1      | Reached XP level 2. HP: 27/29 MP: 7/7
   131 | D:1      | Gained mutation: You have sharp toenails. [potion of
                  | mutation]
   131 | D:1      | Gained mutation: You tend to lose your temper in combat.
                  | [potion of mutation]
   131 | D:1      | Gained mutation: Your mind is acute. (Int +2) [potion of
                  | mutation]
   432 | D:2      | Reached skill level 5 in Spellcasting
   432 | D:2      | Reached XP level 3. HP: 35/35 MP: 7/9
   485 | D:2      | Noticed Natasha
   503 | D:2      | Reached skill level 1 in Invocations
   604 | D:2      | Reached skill level 1 in Short Blades
   604 | D:2      | Reached skill level 1 in Long Blades
   604 | D:2      | Reached skill level 1 in Axes
   604 | D:2      | Reached skill level 1 in Maces & Flails
   604 | D:2      | Reached skill level 1 in Staves
   604 | D:2      | Reached skill level 1 in Slings
   604 | D:2      | Reached skill level 1 in Bows
   604 | D:2      | Reached skill level 1 in Crossbows
   604 | D:2      | Reached skill level 1 in Throwing
   604 | D:2      | Reached skill level 1 in Armour
   604 | D:2      | Reached skill level 1 in Stealth
   604 | D:2      | Reached skill level 1 in Unarmed Combat
   604 | D:2      | Reached skill level 1 in Evocations
   649 | D:2      | Found a faded altar of an unknown god.
   667 | D:2      | Reached XP level 4. HP: 34/41 MP: 11/11
   673 | D:2      | Noticed Robin
   702 | D:2      | Killed Robin
   710 | D:2      | Killed Natasha
   710 | D:2      | Reached skill level 1 in Conjurations
   710 | D:2      | Reached skill level 1 in Hexes
   710 | D:2      | Reached skill level 1 in Charms
   710 | D:2      | Reached skill level 1 in Summonings
   710 | D:2      | Reached skill level 1 in Necromancy
   710 | D:2      | Reached skill level 1 in Translocations
   710 | D:2      | Reached skill level 1 in Transmutations
   710 | D:2      | Reached skill level 1 in Fire Magic
   710 | D:2      | Reached skill level 1 in Ice Magic
   710 | D:2      | Reached skill level 1 in Air Magic
   710 | D:2      | Reached skill level 1 in Poison Magic
   732 | D:2      | Noticed Natasha
   733 | D:2      | Found a basalt altar of Yredelemnul.
   747 | D:2      | Killed Natasha
   747 | D:2      | Reached XP level 5. HP: 35/47 MP: 12/12
   756 | D:2      | Became a worshipper of Hepliaklqana the Forgotten
   756 | D:2      | Reached * piety under Hepliaklqana
   802 | D:2      | Noticed Natasha
   808 | D:2      | Killed Natasha
  1197 | D:2      | Found an ornate altar of the Wu Jian Council.
  1571 | D:3      | Reached XP level 6. HP: 23/47 MP: 13/13
  1765 | D:3      | Noticed Sigmund
  1790 | D:3      | Killed Sigmund
  1790 | D:3      | Reached skill level 5 in Shields
  2143 | D:3      | You fall through a shaft!
  2143 | D:4      | Reached ** piety under Hepliaklqana
  2190 | D:4      | Reached XP level 7. HP: 53/53 MP: 7/15
  2350 | D:3      | Remembered your ancestor Titus as a battlemage
  2597 | D:3      | Noticed Jessica
  2603 | D:3      | Killed Jessica
  2603 | D:3      | Reached skill level 7 in Fighting
  2630 | D:3      | Found a bloodstained altar of Trog.
  3191 | D:4      | Reached XP level 8. HP: 57/59 MP: 14/16
  3440 | D:5      | Entered Level 5 of the Dungeon
  3735 | D:5      | Found a sparkling altar of Nemelex Xobeh.
  3764 | D:5      | Noticed Grinder
  3789 | D:5      | Killed Grinder
  3874 | D:5      | Reached *** piety under Hepliaklqana
  4039 | D:5      | Reached XP level 9. HP: 50/63 MP: 18/18
  4203 | D:5      | Found a hide-covered altar of Uskayaw.
  4204 | D:5      | Found a burning altar of Makhleb.
  4204 | D:5      | Found a glowing silver altar of Zin.
  4204 | D:5      | Found a blossoming altar of Fedhas.
  4208 | D:5      | Found an opulent altar of Gozag.
  4966 | D:6      | Found a glowing drain.
  4981 | Sewer    | Entered a sewer
  5058 | Sewer    | Noticed Purgy
  5067 | Sewer    | Killed Purgy
  5067 | Sewer    | Reached skill level 5 in Polearms
  5067 | Sewer    | Reached skill level 5 in Dodging
  5209 | D:6      | Got an encrusted flail
  5452 | D:7      | Found a sand-covered staircase.
  5460 | Ossuary  | Entered an ossuary
  5632 | Ossuary  | Reached **** piety under Hepliaklqana
  5636 | Ossuary  | Reached skill level 8 in Fighting
  5804 | D:7      | Reached skill level 5 in Invocations
  6009 | D:7      | Reached XP level 10. HP: 35/71 MP: 20/20
  6548 | D:7      | Found an iron altar of Okawaru.
  6662 | D:7      | Found an ancient bone altar of Kikubaaqudgha.
  6738 | D:7      | Found a staircase to the Ecumenical Temple.
  6756 | D:7      | Found a sacrificial altar of Ru.
  6896 | D:7      | Got a twisted leather armour
  6907 | D:7      | Identified the cursed +0 leather armour "Boci" {rElec
                  | Regen+ Slay+5} (You found it on level 7 of the Dungeon)
  6908 | D:7      | Identified the +9 flail of Wopriwu {venom, rElec Stlth+}
                  | (You found it on level 6 of the Dungeon)
  7045 | D:8      | Reached skill level 5 in Short Blades
  7045 | D:8      | Reached skill level 5 in Long Blades
  7045 | D:8      | Reached skill level 5 in Axes
  7045 | D:8      | Reached skill level 5 in Maces & Flails
  7045 | D:8      | Reached skill level 5 in Staves
  7045 | D:8      | Reached skill level 5 in Slings
  7045 | D:8      | Reached skill level 5 in Bows
  7045 | D:8      | Reached skill level 5 in Crossbows
  7045 | D:8      | Reached skill level 5 in Throwing
  7045 | D:8      | Reached skill level 5 in Armour
  7045 | D:8      | Reached skill level 5 in Stealth
  7045 | D:8      | Reached skill level 5 in Unarmed Combat
  7045 | D:8      | Reached skill level 5 in Evocations
  7116 | D:8      | Noticed Harold
  7126 | D:8      | Killed Harold
  7407 | D:8      | Noticed Gastronok
  7421 | D:8      | Killed Gastronok
  7421 | D:8      | Reached skill level 5 in Earth Magic
  7421 | D:8      | Reached XP level 11. HP: 78/78 MP: 22/22
  7566 | D:8      | Noticed Prince Ribbit
  7569 | D:8      | Killed Prince Ribbit
  7586 | D:8      | Reached ***** piety under Hepliaklqana
  7905 | D:9      | Noticed a two-headed ogre
  7909 | D:9      | Killed a two-headed ogre
  7940 | D:9      | Reached skill level 9 in Fighting
  7953 | D:9      | Learned a level 4 spell: Summon Lightning Spire
  7953 | D:9      | Noticed Joseph
  7962 | D:9      | Killed Joseph
  7962 | D:9      | Reached skill level 5 in Conjurations
  7962 | D:9      | Reached skill level 5 in Hexes
  7962 | D:9      | Reached skill level 5 in Charms
  7962 | D:9      | Reached skill level 5 in Summonings
  7962 | D:9      | Reached skill level 5 in Necromancy
  7962 | D:9      | Reached skill level 5 in Translocations
  7962 | D:9      | Reached skill level 5 in Transmutations
  7962 | D:9      | Reached skill level 5 in Fire Magic
  7962 | D:9      | Reached skill level 5 in Ice Magic
  7962 | D:9      | Reached skill level 5 in Air Magic
  7962 | D:9      | Reached skill level 5 in Poison Magic
  8184 | D:9      | Learned a level 3 spell: Mephitic Cloud
  8273 | D:9      | Found a staircase to the Lair.
  8356 | D:10     | Entered Level 10 of the Dungeon
  8696 | D:10     | Found a staircase to the Orcish Mines.
  9074 | D:10     | Noticed a two-headed ogre
  9079 | D:10     | Killed a two-headed ogre
  9179 | D:11     | Noticed a red ugly thing
  9191 | D:11     | Killed a red ugly thing
  9281 | D:11     | Noticed a skeletal warrior
  9282 | D:11     | Noticed a death knight
  9282 | D:11     | Noticed a skeletal warrior
  9289 | D:11     | Killed a skeletal warrior
  9467 | D:11     | Killed a skeletal warrior
  9474 | D:11     | Killed a death knight
  9588 | D:11     | Identified a scroll of acquirement
  9650 | D:11     | Reached XP level 12. HP: 51/86 MP: 12/24
 10816 | D:12     | Noticed a six-headed hydra
 10825 | D:12     | Slain by a six-headed hydra

Skill      XL: |  1  2  3  4  5  6  7  8  9 10 11 12 |
---------------+-------------------------------------+-----
Earth Magic    | 2 3 4 5 6 |  6.3
Spellcasting   | 5 6 7 8 |  8.8
Invocations    | 1 2 3 4 5 6 7 |  7.8
Short Blades   | 1 2 3 4 5 6 7 |  7.1
Long Blades    | 1 2 3 4 5 6 7 |  7.1
Axes           | 1 2 3 4 5 6 7 |  7.1
Maces & Flails | 1 2 3 4 5 6 7 |  7.1
Staves         | 1 2 3 4 5 6 7 |  7.1
Slings         | 1 2 3 4 5 6 7 |  7.1
Bows           | 1 2 3 4 5 6 7 |  7.1
Crossbows      | 1 2 3 4 5 6 7 |  7.1
Throwing       | 1 2 3 4 5 6 7 |  7.1
Armour         | 1 2 3 4 5 6 7 |  7.1
Stealth        | 1 2 3 4 5 6 7 |  7.1
Unarmed Combat | 1 2 3 4 5 6 7 |  7.1
Evocations     | 1 2 3 4 5 6 7 |  7.1
Conjurations   | 1 2 3 4 5 |  5.9
Hexes          | 1 2 3 4 5 |  5.9
Charms         | 1 2 3 4 5 |  5.9
Summonings     | 1 2 3 4 5 |  5.9
Necromancy     | 1 2 3 4 5 |  5.9
Translocations | 1 2 3 4 5 |  5.9
Transmutations | 1 2 3 4 5 |  5.9
Fire Magic     | 1 2 3 4 5 |  5.9
Ice Magic      | 1 2 3 4 5 |  5.9
Air Magic      | 1 2 3 4 5 |  5.9
Poison Magic   | 1 2 3 4 5 |  5.9
Polearms       | 3 4 5 6 7 |  7.6
Dodging        | 3 4 5 6 7 |  7.6
Shields        | 5 6 7 8 |  8.6
Fighting       | 7 8 9 |  9.7

Action                   |  1- 3 |  4- 6 |  7- 9 | 10-12 || total
-------------------------+-------+-------+-------+-------++-------
Melee: Spear             |    81 |   103 |       |       ||   184
       Bite              |     8 |    19 |    51 |    31 ||   109
       Kick              |    11 |    36 |   124 |   101 ||   272
       Dagger            |       |    60 |   470 |   112 ||   642
       Punch             |       |       |    11 |     9 ||    20
       Flail             |       |       |       |   225 ||   225
 Cast: Summon Lightning  |       |       |       |     3 ||     3
Invok: Ancestor Identity |       |     1 |       |       ||     1
       Ancestor Life: Ba |       |       |     1 |       ||     1
       Idealise          |       |       |       |     1 ||     1
  Use: Scroll            |     4 |     5 |    16 |    10 ||    35
       Potion            |     1 |     4 |     8 |     7 ||    20
 Stab: Sleeping          |     4 |     4 |     3 |    24 ||    35
       Distracted        |       |       |     4 |       ||     4
       Invisible         |       |       |       |     2 ||     2
  Eat: Ration            |       |     2 |     3 |     4 ||     9
       Chunk             |       |       |     2 |       ||     2
Armor: Leather armour    |     6 |    14 |    12 |    56 ||    88
       Skin              |       |    30 |   150 |    10 ||   190
       Chain mail        |       |       |    62 |       ||    62
       Troll leather arm |       |       |    21 |    20 ||    41
Dodge: Dodged            |    25 |    54 |   136 |   300 ||   515
